 Dungeon Crawl Stone Soup version 0.21.0-25-ge575cb9 (webtiles) character file.

513 Inarius the Frost Mage (level 7, -1/52 HPs)
             Began as a Red Draconian Ice Elementalist on Jan 26, 2018.
             Slain by an iguana (9 damage)
             ... on level 3 of the Dungeon.
             The game lasted 00:09:13 (3857 turns).

Inarius the Frost Mage (DrIE)                       Turns: 3857, Time: 00:09:14

Health: -1/52      AC: 10    Str: 10    XL:     7   Next: 0%
Magic:  11/11      EV: 12    Int: 17    God:
Gold:   209        SH:  0    Dex: 12    Spells: 4/12 levels left

rFire    + + .     SeeInvis .   n - +1 dagger (speed)
rCold    + . .     Gourm    .   (no shield)
rNeg     . . .     Faith    .   (armour unavailable)
rPois    .         Spirit   .   k - +2 hat
rElec    .         Reflect  .   d - scarf {rC+ rF+}
rCorr    .         Harm     .   c - +1 pair of gloves
MR       .....                  (no boots)
Stlth    ++........             (no amulet)
HPRegen  0.17/turn              (no ring)
MPRegen  0.12/turn              (no ring)

@: no status effects
A: breathe fire, unfitting armour, fire resistance 1, cold-blooded, AC +6
a: Breathe Fire


You were on level 3 of the Dungeon.
You were not hungry.

You visited 1 branch of the dungeon, and saw 4 of its levels.

You collected 209 gold pieces.

Inventory:

Hand Weapons
 n - a +1 dagger of speed (weapon)
Armour
 c - a +1 pair of gloves (worn)
 d - a scarf of resistance (worn)
 k - a +2 hat (worn)
Wands
 t - a wand of disintegration (7)
Scrolls
 f - a scroll of fear {unknown}
 h - a scroll of enchant armour
 i - 2 scrolls of identify
 j - 2 scrolls of teleportation
 l - a scroll of amnesia
 m - 3 scrolls of immolation
 o - a scroll of enchant weapon {unknown}
Potions
 e - a potion of flight
 s - a potion of mutation
Books
 a - a book of Frost

   Spells                             Type                      Level
   a - Freeze                         Ice                          1
   b - Throw Frost                    Conjuration/Ice              2
   c - Ozocubu's Armour               Charms/Ice                   3
   d - Throw Icicle                   Conjuration/Ice              4
   e - Summon Ice Beast               Ice/Summoning                4
Comestibles
 b - 6 rations
 g - 9 chunks of flesh


   Skills:
 + Level 1.2 Fighting
 - Level 0.5 Short Blades
 + Level 2.4 Dodging
 - Level 1.7 Stealth
 + Level 1.0 Unarmed Combat
 + Level 3.2 Spellcasting
 * Level 1.6 Conjurations
 * Level 10.8 Ice Magic


You had 4 spell levels left.
You knew the following spells:

 Your Spells              Type           Power        Failure   Level  Hunger
a - Freeze                Ice            ####         1%          1    None
b - Ozocubu's Armour      Chrm/Ice       ###.....     5%          3    ###....
c - Throw Icicle          Conj/Ice       ###.....     13%         4    ####...


Dungeon Overview and Level Annotations

Branches:
Dungeon (4/15)
 Temple: D:4-7

Altars:

Annotations:
D:3 Grinder


Innate Abilities, Weirdness & Mutations

You can breathe blasts of fire.
Your fiery red scales are hard. (AC +6)
You cannot fit into any form of body armour.
Your flesh is heat resistant. (rF+)
You are cold-blooded and may be slowed by cold attacks.


Message History

The iguana bites you.
You hit the iguana. You tail-slap the iguana.
The iguana is almost dead.
The iguana closely misses you.
You barely miss the iguana.
The iguana is almost dead.
You barely miss the iguana.
The iguana is almost dead.
The iguana bites you!
* * * LOW HITPOINT WARNING * * *
You hit the iguana but do no damage.
The iguana is almost dead.
The iguana bites you.
* * * LOW HITPOINT WARNING * * *
You hit the iguana but do no damage.
The iguana is almost dead.
You barely miss the iguana.
The iguana is almost dead.
The iguana bites you!
You die...

.......#.#.# #.# #...
.#######.#.# #.# #... .# #.#.#
#.###### #... .# #.#=# #......#
#### .# #.#)#####.####.# .#
####.#....##.#.##.# .#
#.....).#.##.#....#
.####....##.#.##.#.##############
.........'......@................
#####....##.#.##l#.#...##########
#....##.#....#.#...# ###
#....##.######.#...# #..
#....##........#...# #######.
#....############### #....##.
#....# ###....##. ######
#......##. #.#....##)


You could see an iguana.

Vanquished Creatures
  A hound (D:4)
  An orc priest (D:4)
  3 orc wizards
  Ijyb (D:3)
  Robin (D:3)
  6 adders
  2 oozes
  3 worms
  4 dart slugs
  4 leopard geckos
  6 orcs
  A ball python (D:1)
  5 bats
  2 giant cockroaches
  20 goblins
  11 hobgoblins
  7 jackals
  8 kobolds
  7 rats
93 creatures vanquished.

Notes
Turn   | Place    | Note
-------+----------+-------------------------------------------
     0 | D:1      | Inarius the Draconian Ice Elementalist began the quest for the Orb.
     0 | D:1      | Reached XP level 1. HP: 14/14 MP: 3/3
    61 | D:1      | Reached XP level 2. HP: 12/20 MP: 0/5
   685 | D:1      | Reached skill level 1 in Unarmed Combat
  1019 | D:1      | Reached XP level 3. HP: 26/27 MP: 4/6
  1024 | D:1      | Learned a level 3 spell: Ozocubu's Armour
  1304 | D:2      | Reached skill level 4 in Ice Magic
  1580 | D:2      | Reached XP level 4. HP: 34/34 MP: 7/7
  1590 | D:2      | Learned a level 4 spell: Throw Icicle
  2041 | D:3      | Noticed Ijyb
  2048 | D:3      | Killed Ijyb
  2405 | D:3      | Noticed Robin
  2421 | D:3      | Reached XP level 5. HP: 36/39 MP: 2/9
  2426 | D:3      | Killed Robin
  2633 | D:3      | Reached skill level 1 in Fighting
  2687 | D:3      | Reached skill level 12 in Ice Magic
  2687 | D:3      | Reached XP level 6. HP: 40/47 MP: 8/10
  3329 | D:3      | Noticed Grinder
  3337 | D:3      | Paralysed by Grinder for 3 turns
  3776 | D:4      | Your scales start taking on a fiery red colour.
  3776 | D:4      | Reduced skill Ice Magic to level 10
  3776 | D:4      | Reached XP level 7. HP: 52/52 MP: 7/11
  3776 | D:4      | Gained mutation: Your flesh is heat resistant. (rF+) [Red Draconian growth]
  3857 | D:3      | Slain by an iguana

Skill      XL: |  1  2  3  4  5  6 |
---------------+-------------------+-----
Unarmed Combat | 1 |  1.0
Ice Magic      | 4 12 10 | 10.8
Dodging        | 2 |  2.4
Fighting       | 1 |  1.2
Spellcasting   | 3 |  3.2
Short Blades   | |  0.5
Stealth        | |  1.7
Conjurations   | |  1.6

Action                   |  1- 3 |  4- 6 |  7- 9 || total
-------------------------+-------+-------+-------++-------
Melee: Unarmed           |    12 |       |       ||    12
       Tailslap          |     6 |    21 |     5 ||    32
       Short sword       |    64 |   114 |       ||   178
       Dagger            |       |    12 |    28 ||    40
 Cast: Freeze            |    35 |    56 |       ||    91
       Throw Icicle      |       |     3 |       ||     3
       Ozocubu's Armour  |       |     1 |       ||     1
  Use: Scroll            |       |    13 |       ||    13
       Potion            |       |     3 |       ||     3
 Stab: Sleeping          |     2 |     3 |       ||     5
  Eat: Chunk             |     3 |     7 |     1 ||    11
Armor: Skin              |    33 |    64 |     2 ||    99
Dodge: Dodged            |    67 |    99 |     8 ||   174
